 Dungeon Crawl Stone Soup version 0.19-a0-1268-g6c5d9f8 (webtiles) character file.

1575 Ijustatesigmund the Sneak (level 8, -5/85 HPs)
             Began as an Octopode Assassin on Aug 29, 2016.
             Was an Initiate of Dithmenos.
             Slain by an iguana (12 damage)
             ... on level 6 of the Dungeon.
             The game lasted 00:12:45 (4981 turns).

Ijustatesigmund the Sneak (Octopode Assassin)       Turns: 4981, Time: 00:12:45

Health: -5/85      AC:  6    Str: 12    XL:     8   Next: 91%
Magic:  8/10       EV: 11    Int: 14    God:    Dithmenos [......]
Gold:   40         SH:  0    Dex: 15    Spells: 0 memorised, 7 levels left

rFire  . . .     SeeInvis +     l - +1 short sword (protect)
rCold  . . .     Gourm    .     (no shield)
rNeg   . . .     Faith    .     (helmet restricted)
rPois  .         Spirit   .     s - amulet of rage
rElec  .         Dismiss  .     e - ring of see invisible
rCorr  .         Reflect  .     i - -3 ring of strength (curse)
MR     .....     Harm     .     B - -3 ring of evasion (curse)
Stlth  ..........               k - ring of loudness (curse)
                                (no ring)
                                (no ring)
                                (no ring)
                                (no ring)

@: berserking (expiring), very quick
A: almost no armour, stealthy swim, amphibious, 8 rings, constrict 8, camouflage
1, gelatinous body 1
a: Renounce Religion, Evoke Berserk Rage


You were on level 6 of the Dungeon.
You worshipped Dithmenos.
Dithmenos was noncommittal.
You were not hungry.

You visited 2 branches of the dungeon, and saw 7 of its levels.

You collected 290 gold pieces.
You spent 250 gold pieces at shops.

Inventory:

Hand Weapons
 a - a +2 dagger
 b - a +0 blowgun
 l - a +1 short sword of protection (weapon)
 v - the +8 trident of the Octopus King {venom, rElec rPois MR+}
   (You found it on level 6 of the Dungeon)

   It poisons the flesh of those it strikes.
   It insulates you from electricity.
   It protects you from poison.
   It affects your resistance to hostile enchantments.
Missiles
 c - 54 poisoned needles
 d - 5 curare-tipped needles
 y - 2 throwing nets (quivered)
Jewellery
 e - a ring of see invisible (left tentacle)
 i - a cursed -3 ring of strength (right tentacle)
 k - a cursed ring of loudness (on tentacle)
 s - an amulet of rage (around mantle)
 B - a cursed -3 ring of evasion (on tentacle)
Wands
 m - a wand of teleportation (3/9)
 r - a wand of slowing (13/48)
Scrolls
 u - a scroll of fear
 C - a scroll of teleportation
 D - a scroll of magic mapping
Potions
 g - a potion of brilliance
 n - a potion of resistance
 o - a potion of curing
 p - a potion of might
 q - 2 potions of mutation
 t - a potion of heal wounds {unknown}
 w - a potion of invisibility {unknown}
 x - a potion of magic {unknown}
 z - a potion of cancellation {unknown}
 A - a potion of lignification {unknown}
Comestibles
 f - 3 bread rations
 h - 6 meat rations
 j - a royal jelly


   Skills:
 + Level 6.1 Fighting
 + Level 6.2 Short Blades
 - Level 4.1 Throwing
 - Level 3.2 Dodging
 - Level 7.1 Stealth
 + Level 3.7 Invocations


You had 7 spell levels left.
You didn't know any spells.

Dungeon Overview and Level Annotations

Branches:
Dungeon (6/15)             Temple (1/1) D:5

Altars:
Ashenzari
Cheibriados
Dithmenos
Elyvilon
Fedhas
Gozag
Hepliaklqana
Kikubaaqudgha
Makhleb
Nemelex Xobeh
Okawaru
Qazlal
Ru
Sif Muna
Trog
Uskayaw
Vehumet
Xom
Yredelemnul
Zin
The Shining One

Shops:
D:5 :   D:6 *


Innate Abilities, Weirdness & Mutations

You cannot wear most types of armour.
You are very stealthy in the water.
You are amphibious.
You can wear up to eight rings at the same time.
You can use your tentacles to constrict eight enemies at once.
Your skin changes colour to match your surroundings (Stealth+).
Your rubbery body absorbs attacks. (AC +1, EV +1)


Message History

Ferkelamun's ghost is almost destroyed.
Ferkelamun's ghost hits you!
* * * LOW HITPOINT WARNING * * *
You closely miss Ferkelamun's ghost. You squeeze Ferkelamun's ghost.
Ferkelamun's ghost is almost destroyed.
Ferkelamun's ghost hits you but does no damage.
You barely miss Ferkelamun's ghost. You squeeze Ferkelamun's ghost.
You destroy Ferkelamun's ghost!
Dithmenos accepts your kill.
Your Fighting skill increases to level 6!
Your Short Blades skill increases to level 6!
Your Invocations skill gained 2 levels and is now at level 3!
You hit the iguana. You grab the iguana. You squeeze the iguana.
The iguana is heavily wounded.
You constrict the iguana. You hit the iguana.
The iguana is almost dead.
You constrict the iguana, but do no damage.
The iguana bites you!
You die...

########.#
#.@l!....#
#.####....
#.# . #.#
#.# #.#
#.# #
####.#
#.#....#


You could see an iguana.

Vanquished Creatures
  The ghost of Ferkelamun the Nimble, a novice TrGl of Makhleb (D:6)
  An ice beast (D:6)
  A centaur (D:5)
  A scorpion (D:4)
  A howler monkey (D:5)
  A crimson imp (D:5)
  3 hounds
  Crazy Yiuf (D:2)
  An orc priest (D:5)
  2 giant frog skeletons
  Jessica (D:2)
  2 iguanas
  5 orc wizards
  6 worker ants
  A hound skeleton (D:6)
  7 adders
  An ooze (D:2)
  5 worms
  A dart slug (D:2)
  2 giant geckos (D:5)
  6 orcs
  2 giant cockroaches
  6 goblins
  10 hobgoblins
  3 jackals (D:1)
  3 quokkas
  3 ball pythons
  4 bats
  5 giant newts
  A jackal skeleton (D:4)
  10 kobolds
  A quokka skeleton (D:5)
  6 rats
104 creatures vanquished.

Notes
Turn   | Place    | Note
-------+----------+-------------------------------------------
     0 | D:1      | Ijustatesigmund the Octopode Assassin began the quest for the Orb.
     0 | D:1      | Reached XP level 1. HP: 14/14 MP: 1/1
   345 | D:1      | Reached XP level 2. HP: 10/19 MP: 2/2
   528 | D:2      | Noticed Jessica
   535 | D:2      | Killed Jessica
   535 | D:2      | Reached XP level 3. HP: 22/25 MP: 3/3
   974 | D:2      | Found a bloodstained altar of Trog.
  1079 | D:2      | Reached XP level 4. HP: 30/30 MP: 4/4
  1419 | D:2      | Found a runed door.
  1423 | D:2      | Noticed Crazy Yiuf
  1428 | D:2      | Killed Crazy Yiuf
  1428 | D:2      | Reached XP level 5. HP: 26/36 MP: 5/5
  1678 | D:2      | You fall through a shaft!
  1811 | D:3      | Reached skill level 6 in Stealth
  2856 | D:4      | Reached XP level 6. HP: 42/42 MP: 6/6
  3287 | D:4      | Reached XP level 7. HP: 47/47 MP: 7/7
  3333 | D:4      | Reached skill level 7 in Stealth
  3343 | D:5      | Entered Level 5 of the Dungeon
  3696 | D:5      | Found Wumaph's Book Shoppe.
  3923 | D:5      | Reached XP level 8. HP: 54/54 MP: 8/8
  4001 | D:5      | Reached skill level 5 in Short Blades
  4025 | D:5      | Found a staircase to the Ecumenical Temple.
  4034 | Temple   | Entered the Ecumenical Temple
  4663 | Temple   | Became a worshipper of Dithmenos the Shadowed
  4712 | D:5      | Reached skill level 5 in Fighting
  4855 | D:6      | Reached skill level 1 in Invocations
  4925 | D:6      | Found Ziraw's General Store.
  4933 | D:6      | Bought 3 curare-tipped needles for 19 gold pieces
  4933 | D:6      | Bought a wand of teleportation (3/9) for 231 gold pieces
  4962 | D:6      | Noticed Ferkelamun's ghost (novice TrGl)
  4979 | D:6      | Killed Ferkelamun's ghost
  4981 | D:6      | Slain by an iguana

Vault maps used:
D:1:      tarquinn_simple_flora_water_e, grunt_decor_mini_mirrors
D:2:      serial_glass, glass_columns_a, glass_columns_a, trog_hazing_becter,
          uniq_jessica, uniq_crazy_yiuf_cottage
D:3:      serial_glass, glass_columns_a, glass_columns_a
D:4:      first_bread, minivault_25
D:5:      serial_shops, shop
D:6:      serial_shops, shop, uniq_sigmund, uniq_edmund
Temple:   nicolae_temple_the_god_donut

Skill      XL: |  1  2  3  4  5  6  7  8 |
---------------+-------------------------+-----
Fighting       | 3 4 6 |  6.1
Throwing       | 3 4 |  4.1
Dodging        | 2 3 |  3.2
Stealth        | 6 7 |  7.1
Short Blades   | 3 4 6 |  6.2
Invocations    | 3 |  3.7

Action                   |  1- 3 |  4- 6 |  7- 9 || total
-------------------------+-------+-------+-------++-------
Melee: Dagger            |    35 |     2 |       ||    37
       Constrict         |    10 |    20 |    17 ||    47
       Tentacles         |     6 |    15 |    25 ||    46
       Short sword       |     5 |   101 |   100 ||   206
 Fire: Blowgun           |    15 |     2 |       ||    17
 Abil: Evoke Berserk Rag |       |       |     2 ||     2
  Use: Scroll            |     3 |     9 |       ||    12
 Stab: Sleeping          |     7 |    25 |    10 ||    42
       Distracted        |       |     1 |       ||     1
  Eat: Chunk             |       |     7 |     3 ||    10
       Pizza             |       |       |     1 ||     1
       Beef jerky        |       |       |     1 ||     1
Armor: Skin              |     4 |    19 |    14 ||    37
Dodge: Dodged            |    33 |    55 |    54 ||   142
